 Dungeon Crawl Stone Soup version 0.29.1-2-gbd0b4ee654 (webtiles) character file.

Game seed: 18385600428341475121

56645 warriortoast the Eclecticist (level 14, 0/120 HPs)
             Began as a Deep Elf Conjurer on Oct 20, 2022.
             Was a High Priest of Sif Muna.
             Shot with a bolt by an orc knight (12 damage)
             ... on level 2 of the Orcish Mines on Oct 25, 2022.
             The game lasted 02:00:58 (26995 turns).

warriortoast the Eclecticist (Deep Elf Conjurer)   Turns: 26995, Time: 02:00:59

Health: 0/120      AC: 27    Str:  6    XL:     14   Next: 42%
Magic:  12/38      EV:  2    Int: 29    God:    Sif Muna [*****.]
Gold:   1978       SH:  0    Dex: 19    Spells: 19/49 levels left

rFire   + . .      SeeInvis .   R - +5 spear of Brutal Revenge {vorpal, rF+ Str+2}
rCold   + + +      Faith    .   (no shield)
rNeg    . . .      Spirit   .   (body armour currently unavailable)
rPois   +          Reflect  .   (helmet currently unavailable)
rElec   +          Harm     .   (cloak currently unavailable)
rCorr   +          Rampage  .   (gloves currently unavailable)
Will    +....      NoTele   +   (boots currently unavailable)
Stlth   ++........              K - amulet of magic regeneration
HPRegen 0.30/turn               Q - ring of wizardry
MPRegen 0.66/turn               P - ring "Jejetets" {rElec rC+++ rCorr Dex+6 Slay-3}

@: brilliant, tree-form (expiring), studying Throwing
A: stationary, stasis, torment immunity, boosted hp
a: Renounce Religion, Channel Magic, Forget Spell, Divine Exegesis


You were on level 2 of the Orcish Mines.
You worshipped Sif Muna.
Sif Muna was extremely pleased with you.
You were a tree.
You visited 4 branches of the dungeon, and saw 20 of its levels.
You also visited: Gauntlet.

You collected 1978 gold pieces.

Inventory:

Hand Weapons
 R - the +5 spear of Brutal Revenge (weapon) {vorpal, rF+ Str+2}
   (You found it on level 3 of the Lair of Beasts)

   It inflicts extra damage upon your enemies.
   Str:       It affects your strength (+2).
   rF:        It protects you from fire.
Armour
 a - a +0 robe (melded)
 f - a +0 cloak (melded)
 C - the +2 pair of boots "Roxko" (melded) {+Inv rC+ Str+4}
   (You found it on level 8 of the Dungeon)

   Str:       It affects your strength (+4).
   rC:        It protects you from cold.
   +Inv:      It lets you turn invisible.
 F - a +0 helmet (melded)
 M - a +0 pair of gloves (melded)
Jewellery
 b - a ring of resist corrosion
 i - an amulet of faith
 u - a ring of willpower
 K - an amulet of magic regeneration (around neck)
 P - the ring "Jejetets" (right branch) {rElec rC+++ rCorr Dex+6 Slay-3}
   (You found it on level 2 of the Lair of Beasts)

   [ring of dexterity]

   Dex:       It affects your dexterity (+6).
   Slay:      It affects your accuracy & damage with ranged weapons and melee
   (-3).
   rC:        It renders you almost immune to cold.
   rElec:     It insulates you from electricity.
   rCorr:     It protects you from acid and corrosion.
 Q - a ring of wizardry (left branch)
Wands
 o - a wand of paralysis (28)
 p - a wand of flame (107)
 x - a wand of roots (9)
Scrolls
 c - 6 scrolls of teleportation
 g - a scroll of amnesia
 h - 3 scrolls of identify
 n - a scroll of blinking
 t - 3 scrolls of enchant weapon
 y - 3 scrolls of fear
 B - 3 scrolls of magic mapping
 D - a scroll of enchant armour {unknown}
 J - a scroll of acquirement {unknown}
 L - a scroll of poison {unknown}
 N - a scroll of vulnerability {unknown}
Potions
 d - 4 potions of curing
 e - 4 potions of brilliance
 j - a potion of heal wounds
 m - 5 potions of lignification
 q - a potion of cancellation {unknown}
 r - 3 potions of might
 v - 2 potions of haste
 z - 3 potions of ambrosia
 A - 3 potions of mutation
 O - 4 potions of invisibility {unknown}
 U - a potion of berserk rage
Miscellaneous
 V - a tin of tremorstones (2/2)


   Skills:
 - Level 6.0 Fighting
 - Level 8.0 Dodging
 - Level 2.4 Stealth
 - Level 18.0 Spellcasting
 + Level 15.5 Conjurations
 - Level 8.0 Hexes
 - Level 5.0 Translocations
 + Level 6.6 Fire Magic
 + Level 7.2 Earth Magic
 - Level 8.0 Evocations


You had 19 spell levels left.
You knew the following spells:

 Your Spells              Type           Power      Damage    Failure   Level
a - Magic Dart            Conj           100%       1d8       0%          1
b - Dazzling Flash        Conj/Hex       100%       N/A       1%          3
c - Fulminant Prism       Conj/Hex       48%        3d21      1%          4
d - Iskenderun's Mystic   Conj/Tloc      91%        2d18      1%          4
e - Iron Shot             Conj/Erth      47%        9d9       1%          6
f - Swiftness             Air            39%        N/A       1%          3
g - Airstrike             Air            19%        2d(3-19)  6%          4
h - Fireball              Conj/Fire      47%        3d19      1%          5

Your spell library contained the following spells:

 Spells                   Type           Power      Damage    Failure   Level
 Searing Ray              Conj           100%       2d8       0%          2
 Apportation              Tloc           100%       N/A       1%          1
 Necrotise                Necr           100%       1d9       1%          1
 Shock                    Conj/Air       100%       1d9       1%          1
 Summon Small Mammal      Summ           100%       N/A       1%          1
 Blink                    Tloc           100%       N/A       1%          2
 Scorch                   Fire           100%       2d10      1%          2
 Confusing Touch          Hex            83%        N/A       1%          3
 Conjure Flame            Conj/Fire      94%        6-21      1%          3
 Ignite Poison            Fire/Tmut/Pois 55%        N/A       1%          3
 Inner Flame              Hex/Fire       80%        N/A       1%          3
 Lesser Beckoning         Tloc           70%        N/A       1%          3
 Portal Projectile        Hex/Tloc       100%       N/A       1%          3
 Stone Arrow              Conj/Erth      100%       3d13      1%          3
 Tukima's Dance           Hex            83%        N/A       1%          3
 Animate Armour           Summ/Erth      100%       N/A       1%          4
 Cause Fear               Hex            41%        N/A       1%          4
 Flame Wave               Conj/Fire      94%        2d20      1%          4
 Sticky Flame             Conj/Fire      94%        2d10      1%          4
 Iskenderun's Battlesphe  Conj           100%       2d15      1%          5
 Lee's Rapid Deconstruct  Erth           40%        3d21*     1%          5
 Manifold Assault         Tloc           70%        N/A       2%          5
 Metabolic Englaciation   Hex/Ice        32%        N/A       3%          5
 Summon Mana Viper        Hex/Summ       65%        N/A       3%          5
 Yara's Violent Unravell  Hex/Tmut       32%        3d13      3%          5
 Borgnjor's Vile Clutch   Necr/Erth      31%        N/A       4%          5
 Conjure Ball Lightning   Conj/Air       41%        3x3d13    4%          6
 Animate Dead             Necr           39%        N/A       6%          4
 Summon Ice Beast         Ice/Summ       39%        N/A       6%          4
 Alistair's Intoxication  Tmut/Pois      26%        N/A       17%         5
 Blade Hands              Tmut           19%        N/A       17%         5
 Enfeeble                 Hex            41%        N/A       21%         7
 Lehudib's Crystal Spear  Conj/Erth      47%        10d11     36%         8
 Death Channel            Necr           19%        N/A       65%         6
 Eringya's Noxious Bog    Tmut/Pois      19%        N/A       65%         6
 Simulacrum               Ice/Necr       19%        N/A       65%         6
 Summon Cactus Giant      Summ           19%        N/A       65%         6
 Discord                  Hex            41%        N/A       82%         8
 Malign Gateway           Summ/Tloc      28%        N/A       86%         7
 Monstrous Menagerie      Summ           19%        N/A       99%         7
 Fire Storm               Conj/Fire      47%        8d12      99%         9
 Maxwell's Capacitive Co  Air            19%        ∞         100%        8
 Summon Horrible Things   Summ           19%        N/A       100%        8


Dungeon Overview and Level Annotations

Branches:
Dungeon (12/15)            Temple (1/1) D:5            Lair (5/5) D:10
 Shoals (0/4) Lair:2        Snake (0/4) Lair:3        Slime (0/5) Lair:4
    Orc (2/2) D:12            Elf (0/3) Orc:2       Gauntlet (visited)

Altars:
Ashenzari
Cheibriados
Dithmenos
Elyvilon
Fedhas
Gozag
Hepliaklqana
Kikubaaqudgha
Makhleb
Nemelex Xobeh
Okawaru
Qazlal
Ru
Sif Muna
Trog
Uskayaw
Vehumet
Wu Jian
Xom
Yredelemnul
Zin
The Shining One
Jiyva

Shops:
D:3 (   D:8 (   Orc:2 =

Annotations:
D:12 3 runed translucent doors, JoePro14's ghost, journeyman MiBe


Message History

Press: ? - help, Dir - move target You feel a surge of power!
You conjure a prism of explosive energy!
A fulminant prism comes into view.
You are too injured to fight recklessly!
Okay, then.
Reach: R) +5 spear of Brutal Revenge {vorpal, rF+ Str+2}
Press: ? - help, Dir - move target, f - orc sorcerer
Aim: an orc sorcerer, wielding a +0 dagger and wearing a +0 robe (ally target, about 38% to evade the +5 spear of Brutal Revenge)
You reach to attack!
You miss the orc sorcerer.
The orc sorcerer mumbles some strange words.
Your fulminant prism crackles loudly.
Reach: R) +5 spear of Brutal Revenge {vorpal, rF+ Str+2}
Press: ? - help, Dir - move target, f/p - orc sorcerer
Aim: an orc sorcerer, wielding a +0 dagger and wearing a +0 robe (ally target, about 38% to evade the +5 spear of Brutal Revenge)
You reach to attack!
You hit the orc sorcerer.
The orc sorcerer is lightly wounded.
Your fulminant prism explodes!
The blast of energy engulfs the smoke demon!!
The smoke demon is almost dead.
The blast of energy engulfs the orc sorcerer!!
You kill the orc sorcerer!
Sif Muna accepts your kill.
The smoke demon disappears in a puff of smoke!
You hear a shout!
You start resting.
You carefully extract the barbed spikes from your body.
You start resting.
You are no longer corroded.
You start resting.
An orc knight comes into view.
It is wielding a +1 great sword of electrocution.
Your transformation is almost over.
The orc knight unwields a +1 great sword of electrocution.
It stops crackling.
The orc knight wields a +0 arbalest.
The orc knight shoots a bolt.
The bolt hits you!!
* * * LOW HITPOINT WARNING * * *
You hear a shout!
An ogre mage comes into view. It is wielding a +0 spear.
The orc knight shoots a bolt.
The bolt hits you!
You die...

#............#
###.............#.#.
#.........#.......$.
#.......###.#.......
..#......#####.......
##.....#.## #......
#.........##..))...
#.........#)...#
###.......♣...##
#............#
##.∩....)..###
###......##
#........#
##.........#
#)).......##
..)).$....oO.
#.).†..#.......


You could see an orc knight and an ogre mage.

Vanquished Creatures
  The ghost of Cauraew the Warrior, a journeyman MiFi of Gozag (Lair:4)
  Azrael (D:12)
  A minotaur (Gauntlet)
  Snorg (Lair:4)
  A fire dragon (Lair:5)
  The ghost of TheSexyCheese the Fighter, a journeyman MiFi of Wu Jian (Orc:1)
  6 hydras
  A boulder beetle (D:12)
  3 two-headed ogres
  6 death yaks
  2 tengu warriors (D:10)
  An orc high priest (Orc:2)
  A soul eater (Gauntlet)
  A lindwurm (Lair:5)
  An orc knight (Orc:1)
  4 ugly things
  4 orc sorcerers
  3 cyclopes
  2 manticores (Lair:2)
  4 gargoyles
  An elephant (Lair:2)
  4 black mambas
  6 cane toads
  5 molten gargoyles
  A torpor snail (Lair:5)
  An unseen horror (D:12)
  3 rime drakes
  10 komodo dragons
  An efreet (D:8)
  A tengu conjurer (D:8)
  A queen bee (Lair:2)
  A meliai (Lair:2)
  6 trolls
  4 blink frogs (Lair:1)
  4 slime creatures (D:11)
  5 dream sheep (Lair:4)
  15 flying skulls (Gauntlet)
  A wraith (D:8)
  A shadow (D:9)
  4 wyverns
  2 fire elementals (D:12)
  5 basilisks
  33 yaks
  Grum (D:8)
  4 steam dragons
  A vampire mosquito (D:8)
  3 swamp worms (Gauntlet)
  A naga (Lair:3)
  9 hell hounds
  16 water moccasins
  A sky beast (D:6)
  3 black bears
  3 ice beasts
  5 orc warriors
  4 ogres
  18 wolves
  2 centaurs
  A kobold brigand (D:6)
  2 phantoms
  9 bullfrogs
  2 necrophages
  A gnoll sergeant (D:6)
  8 wights
  41 killer bees
  A vampire bat (Lair:5)
  2 electric eels (D:4)
  10 lava snakes
  4 hounds
  3 jellies
  7 orc priests
  Crazy Yiuf (D:7)
  Jessica (D:3)
  2 iguanas (D:5)
  12 orc wizards
  A centaur simulacrum (D:10)
  11 gnolls
  13 adders
  2 river rats (Lair:2)
  4 shadow imps
  3 white imps
  An ufetubus (D:5)
  2 dart slugs
  35 orcs
  14 bats
  5 endoplasms
  4 giant cockroaches
  8 goblins
  7 hobgoblins
  2 jackals (D:2)
  12 kobolds
  7 quokkas
  4 ball pythons
  2 frilled lizards
  5 rats
480 creatures vanquished.

Vanquished Creatures (others)
  A bush (Lair:5)
  306 fulminant prisms
  40 fungi
  90 plants
437 creatures vanquished.

Grand Total: 917 creatures vanquished

Notes
Turn   | Place    | Note
-------+----------+-------------------------------------------
     0 | D:1      | warriortoast the Deep Elf Conjurer began the quest for the
                  | Orb.
     0 | D:1      | Reached XP level 1. HP: 10/10 MP: 6/6
   299 | D:1      | Reached XP level 2. HP: 15/15 MP: 3/8
  1293 | D:2      | Reached skill level 4 in Spellcasting
  1324 | D:2      | Reached skill level 5 in Conjurations
  1324 | D:2      | Reached XP level 3. HP: 19/19 MP: 6/10
  1328 | D:2      | Learned a level 3 spell: Dazzling Flash
  1806 | D:2      | Reached XP level 4. HP: 19/24 MP: 7/12
  2034 | D:2      | Found a faded altar of an unknown god.
  2156 | D:2      | Reached skill level 1 in Hexes
  2364 | D:2      | Reached skill level 5 in Spellcasting
  2587 | D:3      | Noticed Jessica
  2593 | D:3      | Killed Jessica
  2640 | D:3      | Reached XP level 5. HP: 28/28 MP: 10/14
  3012 | D:3      | Found Bengeuw's Antique Weapon Emporium.
  3556 | D:4      | Noticed a phantom
  3580 | D:4      | Learned a level 4 spell: Fulminant Prism
  3585 | D:4      | Learned a level 4 spell: Iskenderun's Mystic Blast
  3635 | D:4      | Killed a phantom
  3636 | D:4      | Reached skill level 6 in Spellcasting
  3636 | D:4      | Reached XP level 6. HP: 27/32 MP: 2/17
  3820 | D:4      | Found a transporter.
  3823 | D:4      | Found a transporter.
  3950 | D:4      | Reached XP level 7. HP: 20/36 MP: 4/19
  4263 | D:4      | Reached skill level 7 in Spellcasting
  4263 | D:4      | Reached skill level 5 in Hexes
  4719 | D:5      | Entered Level 5 of the Dungeon
  4732 | D:5      | Identified the +4 falchion of Plog {vorpal, +Blink Str+3
                  | Int+3}
  4962 | D:5      | Reached XP level 8. HP: 37/41 MP: 14/21
  5153 | D:5      | Reached skill level 8 in Spellcasting
  5254 | D:5      | Reached skill level 1 in Translocations
  5822 | D:5      | Found a staircase to the Ecumenical Temple.
  5965 | Temple   | Entered the Ecumenical Temple
  5965 | Temple   | Found a transporter.
  5965 | Temple   | Found a transporter.
  5967 | Temple   | Found a transporter.
  5967 | Temple   | Found a transporter.
  6014 | Temple   | Became a worshipper of Sif Muna the Loreminder
  6794 | D:6      | Reached skill level 9 in Spellcasting
  7454 | D:7      | Reached XP level 9. HP: 45/45 MP: 17/24
  7824 | D:7      | Reached * piety under Sif Muna
  8161 | D:7      | Noticed a gargoyle
  8169 | D:7      | Killed a gargoyle
  8170 | D:7      | Reached skill level 10 in Spellcasting
  8170 | D:7      | Reached skill level 5 in Translocations
  8335 | D:7      | Found a runed translucent door.
  8336 | D:7      | Noticed Crazy Yiuf
  8373 | D:7      | Killed Crazy Yiuf
  8450 | D:7      | Upgraded the game from 0.29.1-1-gd02db6906a to
                  | 0.29.1-2-gbd0b4ee654
  9044 | D:8      | Reached skill level 1 in Fighting
  9044 | D:8      | Reached skill level 1 in Evocations
  9061 | D:8      | Noticed a troll
  9067 | D:8      | Killed a troll
  9070 | D:8      | Noticed a cyclops
  9073 | D:8      | Reached XP level 10. HP: 23/53 MP: 0/26
  9073 | D:8      | Noticed a gargoyle
  9487 | D:8      | Noticed a green ugly thing
  9497 | D:8      | Killed a green ugly thing
  9576 | D:7      | Reached skill level 5 in Dodging
  9778 | D:8      | Killed a cyclops
  9819 | D:8      | Killed a gargoyle
 10150 | D:8      | Identified the +2 pair of boots "Roxko" {+Inv rC+ Str+4}
 10188 | D:8      | Identified the +1 morningstar of the Crushed Lovers {flame,
                  | rC+ Dex+2 Stlth-}
 10188 | D:8      | Noticed Grum
 10205 | D:8      | Killed Grum
 10215 | D:8      | Reached ** piety under Sif Muna
 10216 | D:8      | Reached skill level 5 in Evocations
 10358 | D:8      | Found Pezxipn's Weapon Emporium.
 10513 | D:8      | Found a radiant altar of Vehumet.
 10766 | D:8      | Found a broken altar of Ashenzari.
 11050 | D:9      | Found a shadowy altar of Dithmenos.
 11771 | D:10     | Entered Level 10 of the Dungeon
 11778 | D:10     | Got the Essays on Topological Feathers
 11839 | D:10     | Noticed a purple ugly thing
 11845 | D:10     | Killed a purple ugly thing
 11847 | D:10     | Noticed a brown ugly thing
 11855 | D:10     | Killed a brown ugly thing
 11856 | D:10     | Reached XP level 11. HP: 62/62 MP: 20/27
 11857 | D:10     | Noticed a tengu warrior
 11863 | D:10     | Killed a tengu warrior
 11864 | D:10     | Reached skill level 5 in Fighting
 12644 | D:10     | Noticed a two-headed ogre
 12650 | D:10     | Killed a two-headed ogre
 13021 | D:10     | Reached skill level 11 in Spellcasting
 13040 | D:10     | Reached skill level 10 in Conjurations
 13046 | D:10     | Noticed a tengu warrior
 13166 | D:10     | Killed a tengu warrior
 13380 | D:10     | Found a staircase to the Lair.
 13508 | Lair:1   | Entered Level 1 of the Lair of Beasts
 13753 | Lair:1   | Reached skill level 12 in Spellcasting
 14112 | Lair:1   | Reached *** piety under Sif Muna
 15266 | Lair:2   | Noticed an eight-headed hydra
 15565 | Lair:2   | Reached XP level 12. HP: 70/70 MP: 22/30
 15670 | Lair:2   | Found a staircase to the Shoals.
 15684 | Lair:2   | Reached skill level 13 in Spellcasting
 16312 | Lair:2   | Reached **** piety under Sif Muna
 16936 | Lair:2   | Reached skill level 14 in Spellcasting
 17122 | Lair:2   | Identified the ring "Jejetets" {rElec rC+++ rCorr Dex+6
                  | Slay-3}
 17215 | Lair:2   | Killed an eight-headed hydra
 18089 | Lair:3   | Noticed an eight-headed hydra
 18101 | Lair:3   | Killed an eight-headed hydra
 18224 | Lair:3   | Identified the +6 shortbow "Sarcophage" {venom, rC- rCorr
                  | Dex+2}
 18334 | Lair:3   | Identified the +5 spear of Brutal Revenge {vorpal, rF+
                  | Str+2}
 18622 | Lair:3   | Found a staircase to the Snake Pit.
 18880 | Lair:4   | Found a runed translucent gate.
 18880 | Lair:4   | Noticed Cauraew's ghost (journeyman MiFi)
 18881 | Lair:4   | Found a runed translucent gate.
 18882 | Lair:4   | Found a runed translucent gate.
 18939 | Lair:4   | Reached skill level 15 in Spellcasting
 19324 | Lair:4   | Noticed Snorg
 19337 | Lair:4   | Killed Snorg
 19352 | Lair:4   | Found a staircase to the Slime Pits.
 19413 | Lair:4   | Found a viscous altar of Jiyva.
 19479 | Lair:4   | Noticed a seven-headed hydra
 19490 | Lair:4   | Killed a seven-headed hydra
 19707 | Lair:4   | Reached XP level 13. HP: 74/74 MP: 30/34
 20049 | Lair:4   | Killed Cauraew's ghost
 20050 | Lair:4   | Reached skill level 16 in Spellcasting
 20227 | Lair:5   | Entered Level 5 of the Lair of Beasts
 20408 | Lair:5   | Learned a level 6 spell: Iron Shot
 20513 | Lair:5   | Reached skill level 1 in Earth Magic
 20569 | Lair:5   | Learned a level 3 spell: Swiftness
 20574 | Lair:5   | Learned a level 4 spell: Airstrike
 20677 | Lair:5   | Reached ***** piety under Sif Muna
 20747 | Lair:5   | Received a gift from Sif Muna
 20750 | Lair:5   | Got Sif Muna's Parchment of Conflict and Cold {god gift}
 20757 | Lair:5   | Learned a level 5 spell: Fireball
 21166 | Lair:5   | Reached skill level 1 in Fire Magic
 21914 | Lair:5   | Found a large runed translucent door.
 21914 | Lair:5   | Noticed a fire dragon
 21916 | Lair:5   | Found a large runed translucent door.
 22256 | Lair:5   | Reached skill level 17 in Spellcasting
 23276 | Lair:5   | Killed a fire dragon
 23277 | Lair:5   | Reached skill level 5 in Earth Magic
 23741 | D:11     | Reached skill level 15 in Conjurations
 24169 | D:11     | Received a gift from Sif Muna
 24172 | D:11     | Got Sif Muna's Folio of the Boulder and Interference {god
                  | gift}
 24430 | D:12     | Found a runed translucent gate.
 24430 | D:12     | Found a runed translucent gate.
 24430 | D:12     | Noticed an azure jelly
 24431 | D:12     | Found a runed translucent gate.
 24431 | D:12     | Noticed an azure jelly
 24431 | D:12     | Noticed an azure jelly
 24431 | D:12     | Noticed an azure jelly
 24431 | D:12     | Noticed an acid blob
 24431 | D:12     | Noticed an azure jelly
 24432 | D:12     | Noticed JoePro14's ghost (journeyman MiBe)
 24432 | D:12     | Noticed an azure jelly
 24433 | D:12     | Noticed a quicksilver ooze
 24433 | D:12     | Noticed an azure jelly
 24434 | D:12     | Noticed an acid blob
 24466 | D:12     | Noticed Azrael
 24482 | D:12     | Killed Azrael
 24483 | D:12     | Reached XP level 14. HP: 61/80 MP: 2/37
 24619 | D:12     | Found a hazy altar of Hepliaklqana.
 24638 | D:12     | Reached skill level 5 in Fire Magic
 24746 | D:12     | Found a gate leading to a gauntlet.
 24755 | Gauntlet | Entered a Gauntlet
 24755 | Gauntlet | Found a transporter.
 24768 | Gauntlet | Found a transporter.
 24770 | Gauntlet | Found a transporter.
 24770 | Gauntlet | Found a transporter.
 24785 | Gauntlet | Found a transporter.
 24805 | Gauntlet | Found a transporter.
 24812 | Gauntlet | Found a transporter.
 24830 | Gauntlet | Found a transporter.
 24850 | Gauntlet | Found a transporter.
 24862 | Gauntlet | Found a transporter.
 24874 | Gauntlet | Found a transporter.
 24890 | Gauntlet | Found a transporter.
 24902 | Gauntlet | Found a transporter.
 24920 | Gauntlet | Found a transporter.
 24940 | Gauntlet | Found a transporter.
 24942 | Gauntlet | Found a transporter.
 25014 | Gauntlet | Found a transporter.
 25025 | Gauntlet | Found a transporter.
 25190 | Gauntlet | Identified the +1 cloak of Agoujae {MP-9 Dex+7}
 25238 | Gauntlet | Identified the +8 flail of Devotion {speed, *Noise rPois
                  | Str+4}
 25257 | Gauntlet | Identified the +2 leather armour "Ric Otsul" {-Tele rElec
                  | rPois Int-5}
 25314 | D:12     | Found a staircase to the Orcish Mines.
 26177 | D:12     | Noticed an acid blob
 26205 | D:12     | Found a viscous altar of Jiyva.
 26247 | Orc:1    | Entered Level 1 of the Orcish Mines
 26429 | Orc:1    | Found a large runed translucent door.
 26431 | Orc:1    | Found a large runed translucent door.
 26443 | Orc:1    | Noticed TheSexyCheese's ghost (journeyman MiFi)
 26647 | Orc:1    | Killed TheSexyCheese's ghost
 26816 | Orc:2    | Entered Level 2 of the Orcish Mines
 26835 | Orc:2    | Found a staircase to the Elven Halls.
 26892 | Orc:2    | Found Eqiuxomu's Jewellery Boutique.
 26914 | Orc:2    | Reached skill level 18 in Spellcasting
 26995 | Orc:2    | Shot with a bolt by an orc knight

Illustrated notes

Levels and vault maps discovered:
D:1:      nicolae_arrival_somewhat_less_tricky_arrival, layout_loops_corners,
          nrook_mini_vaults
D:2:      layout_loops_corners, dreamdust_ecumenical_altar_angels_and_demons
D:3:      layout_basic, serial_shops, nicolae_shop_window_shopping,
          grunt_ministairs_15, uniq_jessica
D:4:      gammafunk_steamed_eel, layout_loops_ring, dk_vineyard_3
D:5:      layout_basic, minmay_temple_entry_poolview
D:6:      layout_loops_cross
D:7:      layout_loops_ring, chequers_serial_rivers_room_b, st_stairs_7,
          mrwooster_statue_mirror, uniq_crazy_yiuf_cottage
D:8:      minmay_cut_squares, layout_rooms, mainiacjoe_overflow_swirl,
          serial_shops, shop_statue, uniq_grum
D:9:      layout_roguey, mainiacjoe_overflow_cross_hatched
D:10:     minmay_curly_fans, layout_rooms, dpeg_oklobed_lair, nrook_campfire
D:11:     layout_cave_pools
D:12:     layout_small_grid, david_orc_2, gauntlet_entry_generic,
          gammafunk_ghost_ooze, eino_small_chamber_without_monster,
          nzn_hepliaklqana_mist_gate, uniq_azrael
Temple:   hellmonk_temple_divided_pantheon
Lair:1:   layout_cave_pods
Lair:2:   regret_index_combs_of_tragedy, layout_chaotic_city,
          elwin_shoals_entry_rocks
Lair:3:   cheibrodos_magma_flow, layout_cave_pods, guppyfry_snake_entry_garden,
          wad_woods_road_04
Lair:4:   layout_loops_ring, slime_entry_1, ebering_ghost_rock_garden,
          uniq_snorg
Lair:5:   cheibrodos_lair_end_hotspot, layout_loops_ring,
          chequers_serial_rivers_marsh, roderic_batcave,
          infiniplex_staircase_pool
Orc:1:    layout_diamond_mine, ebering_ghost_disaster_area
Orc:2:    st_orc_elflike, layout_diamond_mine, serial_shops, shop,
          guppyfry_orc_lava_fort

Skill      XL: |  1  2  3  4  5  6  7  8  9 10 11 12 13 14 |
---------------+-------------------------------------------+-----
Spellcasting   | 4 5 6 7 9 10 12 15 17 18 | 18.0
Conjurations   | 5 6 7 8 9 11 13 15 | 15.5
Hexes          | 1 3 4 6 7 8 |  8.0
Translocations | 3 5 |  5.0
Fighting       | 2 4 6 |  6.0
Dodging        | 4 7 8 |  8.0
Evocations     | 2 6 8 |  8.0
Earth Magic    | 5 7 |  7.2
Fire Magic     | 4 6 |  6.6
Stealth        | |  2.4

Action                   |  1- 3 |  4- 6 |  7- 9 | 10-12 | 13-15 || total
-------------------------+-------+-------+-------+-------+-------++-------
Melee: Spear             |       |       |       |       |    11 ||    11
 Cast: Magic Dart        |    64 |    91 |   101 |   156 |    65 ||   477
       Fulminant Prism   |       |     6 |    57 |   165 |    78 ||   306
       Iskenderun's Myst |       |       |    15 |    81 |    79 ||   175
       Iron Shot         |       |       |       |       |    66 ||    66
       Airstrike         |       |       |       |       |    41 ||    41
       Fireball          |       |       |       |       |     6 ||     6
       Swiftness         |       |       |       |       |     1 ||     1
Evoke: Wand              |       |       |       |       |     1 ||     1
  Use: Scroll            |       |       |     7 |     3 |     9 ||    19
       Potion            |       |       |     1 |     1 |     4 ||     6
Armor: Robe              |     1 |     4 |     3 |     3 |     6 ||    17
       Skin              |       |       |       |       |     3 ||     3
Dodge: Dodged            |     3 |    17 |    16 |    19 |    43 ||    98
